 Dungeon Crawl Stone Soup version 0.29.1-13-g9f3cf754e1 (webtiles) character file.

Game seed: 13143122879378390586

2492 Peloso the Carver (level 9, -4/79 HPs)
             Began as a Minotaur Fighter on Jan 22, 2023.
             Was a Priest of Okawaru.
             Slain by a two-headed ogre
             ... wielding a +0 giant club
              (14 damage)
             ... on level 6 of the Dungeon.
             The game lasted 00:13:23 (6114 turns).

Peloso the Carver (Minotaur Fighter)                Turns: 6114, Time: 00:13:23

Health: -4/79      AC: 17    Str: 24    XL:     9   Next: 27%
Magic:  7/8        EV:  7    Int:  5    God:    Okawaru [***...]
Gold:   360        SH:  0    Dex: 11    Spells: 8/8 levels left

rFire   . . .      SeeInvis +   b - +5 great sword (freeze)
rCold   + . .      Faith    .   (shield currently unavailable)
rNeg    . . .      Spirit   .   E - +1 plate armour
rPois   .          Reflect  .   (helmet restricted)
rElec   .          Harm     .   t - +1 cloak
rCorr   .          Rampage  .   (no gloves)
Will    .....                   (no boots)
Stlth   ..........              e - amulet of regeneration
HPRegen 1.03/turn               j - ring of protection from cold
MPRegen 0.11/turn               s - ring of see invisible

@: no status effects
A: horns 2, retaliatory headbutt
a: Renounce Religion, Heroism


You were on level 6 of the Dungeon.
You worshipped Okawaru.
Okawaru was most pleased with you.
You visited 2 branches of the dungeon, and saw 7 of its levels.
You also visited: Sewer.

You collected 360 gold pieces.

Inventory:

Hand Weapons
 a - a +1 long sword
 b - a +5 great sword of freezing (weapon)
 c - a +1 whip of flaming
Armour
 d - a +0 buckler
 t - a +1 cloak (worn)
 E - a +1 plate armour (worn)
Jewellery
 e - an amulet of regeneration (around neck)
 j - a ring of protection from cold (left hand)
 s - a ring of see invisible (right hand)
 A - a ring of fire
 C - a ring of flight
Wands
 m - a wand of flame (52)
 q - a wand of paralysis (12)
Scrolls
 f - a scroll of fear
 i - 3 scrolls of blinking
 l - 2 scrolls of enchant armour
 o - 3 scrolls of teleportation
 r - a scroll of magic mapping
 u - a scroll of silence {unknown}
 y - 2 scrolls of poison
 z - a scroll of fog {unknown}
 B - a scroll of immolation {unknown}
 D - a scroll of summoning {unknown}
Potions
 h - 2 potions of haste
 k - a potion of might
 n - 3 potions of heal wounds
 p - 2 potions of resistance
 v - a potion of berserk rage
 w - a potion of curing {unknown}
 x - a potion of ambrosia {unknown}


   Skills:
 + Level 7.2 Fighting
 + Level 10.4 Long Blades
 + Level 8.3 Armour
 + Level 1.6 Dodging
 + Level 6.0 Shields


You had 8 spell levels left.
You didn't know any spells.
Your spell library was empty.

Dungeon Overview and Level Annotations

Branches:
Dungeon (6/15)             Temple (1/1) D:4           Sewer (visited)

Altars:
Ashenzari
Cheibriados
Dithmenos
Elyvilon
Fedhas
Gozag
Hepliaklqana
Nemelex Xobeh
Okawaru
Ru
Sif Muna
Trog
Wu Jian
Xom
Zin

Shops:
D:2 [

Annotations:
D:2 1 runed translucent door, Crazy Yiuf


Innate Abilities, Weirdness & Mutations

You have a pair of horns on your head.
You reflexively headbutt those who attack you in melee.


Message History

You slash the acid dragon! You freeze the acid dragon.
Your headbutt misses the acid dragon.
The acid dragon is heavily wounded.
The acid dragon spits acid at you. The splash of acid hits you!
You hit the acid dragon. You freeze the acid dragon.
You headbutt the acid dragon.
The acid dragon is almost dead.
The acid dragon bites you but does no damage.
The acid dragon barely misses you.
You barely miss the acid dragon.
The acid dragon is almost dead.
The acid dragon spits acid at you. The splash of acid hits you!!
You hit the acid dragon. You freeze the acid dragon.
You kill the acid dragon!
Okawaru accepts your kill.
Unknown command.
There is an open door, spattered with blood here.
Unknown command.
You hit the two-headed ogre. You freeze the two-headed ogre.
You headbutt the two-headed ogre!
The two-headed ogre is moderately wounded.
The two-headed ogre hits you with a +0 giant club!!
* * * LOW HITPOINT WARNING * * *
The two-headed ogre closely misses you.
Unknown command.
You slash the two-headed ogre! You freeze the two-headed ogre.
The two-headed ogre is heavily wounded.
You feel like a meek peon again. The two-headed ogre closely misses you.
The two-headed ogre hits you with a +0 giant club!
* * * LOW HITPOINT WARNING * * *
Unknown command.
You closely miss the two-headed ogre.
The two-headed ogre is heavily wounded.
You closely miss the two-headed ogre. You headbutt the two-headed ogre!
The two-headed ogre is severely wounded.
The two-headed ogre hits you with a +0 giant club!
You die...

###.##.#.# #.# #.# #.# #<# #
#.##.#.# #.####.#####.# #[#
###.##(#.######.#..........####.#
....##.......(..#.##............#
#.#.####.########.###############
#.#.# #.# ######.## #.#.# #.#
#.......# #.#.####)# #########
.........####YJO@.##
#.#.###....#.o###..#
.....)#.####(8#.#8.#
####......##.##o##'##########
#..#.###8. #o#..†'.......#
#..#.###....O#..8#######.#
#......##.##)##+## #.#
#..#.##.#.8#)# #.# #..#.##.#..##
#.#


You could see a two-headed ogre, a yak, a jelly and an orc wizard.

Vanquished Creatures
  Pikel (D:6)
  Grinder (D:6)
  Eustachio (D:6)
  An acid dragon (D:6)
  A black bear (D:6)
  2 ice beasts (D:6)
  An ogre (D:6)
  A phantom (D:6)
  2 bullfrogs (Sewer)
  2 scorpions
  3 wights (D:6)
  2 jellies
  5 hounds
  An orc priest (D:4)
  3 iguanas
  Natasha (twice) (D:2)
  2 orc wizards (D:4)
  7 gnolls
  7 adders
  5 river rats
  4 ufetubi
  2 worms
  A dart slug (D:1)
  10 orcs
  20 ball pythons
  5 endoplasms
  8 giant cockroaches
  7 hobgoblins
  4 jackals (D:3)
  6 quokkas
  3 bats
  14 frilled lizards
  5 goblins
  8 kobolds
  27 rats
174 creatures vanquished.

Notes
Turn   | Place    | Note
-------+----------+-------------------------------------------
     0 | D:1      | Peloso the Minotaur Fighter began the quest for the Orb.
     0 | D:1      | Reached XP level 1. HP: 19/19 MP: 0/0
   128 | D:1      | Reached XP level 2. HP: 24/27 MP: 1/1
   332 | D:1      | Reached skill level 3 in Long Blades
   744 | D:1      | Reached XP level 3. HP: 31/33 MP: 2/2
  1125 | D:2      | Found a runed translucent door.
  1126 | D:2      | Noticed Crazy Yiuf
  1492 | D:2      | Reached XP level 4. HP: 40/40 MP: 3/3
  1504 | D:2      | Noticed Natasha
  1509 | D:2      | Killed Natasha
  1510 | D:2      | Reached skill level 1 in Dodging
  1685 | D:2      | Found Rutuad's Antique Armour Shop.
  1720 | D:2      | Reached skill level 4 in Long Blades
  1937 | D:2      | Noticed Natasha
  1945 | D:2      | Killed Natasha
  2227 | D:3      | Found a glowing silver altar of Zin.
  2425 | D:3      | Reached XP level 5. HP: 47/47 MP: 4/4
  2473 | D:3      | Found an ornate altar of the Wu Jian Council.
  2575 | D:3      | Found a glowing drain.
  2579 | Sewer    | Entered a sewer
  2721 | Sewer    | Reached skill level 5 in Armour
  2724 | Sewer    | Reached skill level 5 in Long Blades
  2890 | Sewer    | Reached XP level 6. HP: 53/53 MP: 5/5
  2934 | Sewer    | Reached skill level 5 in Fighting
  3552 | D:4      | Found a staircase to the Ecumenical Temple.
  3558 | Temple   | Entered the Ecumenical Temple
  3582 | Temple   | Became a worshipper of Warmaster Okawaru
  3884 | D:4      | Reached XP level 7. HP: 58/61 MP: 6/6
  3897 | D:4      | Reached skill level 6 in Long Blades
  4266 | D:5      | Entered Level 5 of the Dungeon
  4364 | D:5      | Found a bloodstained altar of Trog.
  4365 | D:5      | Found a blossoming altar of Fedhas.
  4549 | D:5      | Reached skill level 5 in Shields
  5266 | D:6      | Reached skill level 7 in Long Blades
  5269 | D:6      | Reached * piety under Okawaru
  5317 | D:6      | Reached XP level 8. HP: 70/70 MP: 7/7
  5431 | D:6      | Reached skill level 8 in Long Blades
  5504 | D:6      | Reached ** piety under Okawaru
  5554 | D:6      | Noticed Eustachio
  5577 | D:6      | Killed Eustachio
  5624 | D:6      | Noticed Pikel
  5642 | D:6      | Killed Pikel
  5642 | D:6      | Reached *** piety under Okawaru
  5643 | D:6      | Reached skill level 9 in Long Blades
  5643 | D:6      | Reached XP level 9. HP: 67/78 MP: 8/8
  5859 | D:6      | Noticed Grinder
  5862 | D:6      | Paralysed by Grinder for 4 turns
  5875 | D:6      | Killed Grinder
  5876 | D:6      | Reached skill level 10 in Long Blades
  6097 | D:6      | Noticed a two-headed ogre
  6114 | D:6      | Slain by a two-headed ogre

Illustrated notes

Levels and vault maps discovered:
D:1:      onia_arrival_mini_spirals, layout_rooms,
          minmay_misc_feat_secret_circle, minmay_lizard_pond
D:2:      layout_loops_corners, serial_shops, nicolae_shop_stone,
          uniq_crazy_yiuf_cottage, uniq_natasha
D:3:      layout_basic, mainiacjoe_overflow_chevrons, zin_academy,
          gup_sewer_entry_spiral, hex_large, minmay_between
D:4:      layout_gridville, minmay_temple_entry_hall
D:5:      layout_gridville, mainiacjoe_overflow_divided_tiny
D:6:      minmay_chambers_of_sixes, layout_loops_ring, uniq_grinder,
          uniq_eustachio, uniq_pikel
Temple:   bh_familiar_temple

Skill      XL: |  1  2  3  4  5  6  7  8  9 |
---------------+----------------------------+-----
Long Blades    | 3 4 5 7 9 10 | 10.4
Armour         | 4 5 6 7 8 |  8.3
Fighting       | 4 5 6 7 |  7.2
Shields        | 4 5 6 |  6.0
Dodging        | 1 |  1.6

Action                   |  1- 3 |  4- 6 |  7- 9 || total
-------------------------+-------+-------+-------++-------
Melee: Long sword        |    91 |   226 |   160 ||   477
       Headbutt          |    12 |    39 |    38 ||    89
       Great sword       |       |       |    13 ||    13
Invok: Heroism           |       |       |     1 ||     1
  Use: Scroll            |     3 |     3 |     7 ||    13
       Potion            |     2 |       |       ||     2
Armor: Scale mail        |    51 |       |       ||    51
       Plate armour      |       |   217 |    96 ||   313
Dodge: Dodged            |    43 |    88 |    47 ||   178
Block: Buckler           |    27 |    84 |    32 ||   143
